 Dungeon Crawl Stone Soup version 0.16-a0-623-g20b2139 (webtiles) character file.

87 Foahim the Sneak (level 4, 0/33 HPs)
             Began as a Vampire Assassin on Sept 18, 2014.
             Slain by an adder (2 damage)
             ... in a sewer.
             The game lasted 00:11:44 (1608 turns).

Foahim the Sneak (Vampire Assassin)                 Turns: 1608, Time: 00:11:45

HP   0/33        AC  4     Str 10      XL: 4   Next: 28%
MP   4/4         EV 12     Int 13      God:
Gold 208         SH  0     Dex 16      Spells:  0 memorised,  3 levels left

rFire  . . .     SeeInvis +     a - +2 dagger
rCold  . . .     Clarity  .     c - +0 robe
rNeg   + . .     rCorr    .     (no shield)
rPois  .         rRot     .     (no helmet)
rElec  .         Spirit   .     d - +0 cloak
SustAb .         Warding  .     (no gloves)
rMut   .         Stasis   .     k - +0 pair of boots
Gourm  .                        (no amulet)
MR     .....                    (no ring)
                                (no ring)

@: lethally poisoned, not resistant to hostile enchantments, unstealthy
A: fangs 3, see invisible, unbreathing
a: Bat Form


You were in a sewer.
You were not thirsty.

You visited 1 branch of the dungeon, and saw 3 of its levels.
You also visited: Sewer.

You collected 208 gold pieces.

Inventory:

Hand weapons
 a - a +2 dagger (weapon)
 b - a +0 blowgun
Missiles
 e - 6 poisoned needles (quivered)
 f - a curare-tipped needle
Armour
 c - a +0 robe (worn)
 d - a +0 cloak (worn)
 k - a +0 pair of boots (worn)
Scrolls
 h - 5 scrolls of remove curse
 j - a scroll of enchant weapon {unknown}
 l - a scroll of teleportation {unknown}
 n - a scroll of fog {unknown}
Jewellery
 m - an uncursed amulet of the gourmand {unknown}
Potions
 i - a potion of brilliance {unknown}
 o - 2 potions of magic {unknown}


   Skills:
 + Level 2.1 Fighting
 + Level 2.5 Short Blades
 + Level 2.1 Throwing
 + Level 1.7 Dodging
 + Level 7.5 Stealth


You had 3 spell levels left.
You didn't know any spells.

Dungeon Overview and Level Annotations

Branches:
Dungeon (3/15)

Altars:


Innate Abilities, Weirdness & Mutations

You have razor-sharp teeth.
You have supernaturally acute eyesight.
You can survive without breathing.


Message History

You enter the shallow water.
Moving in this stuff is going to be slow.
You feel sick. The adder bites you. The adder barely misses you.
The adder barely misses you. The adder closely misses you.
You feel sick. The adder bites you.
* * * LOW HITPOINT WARNING * * *
You are more poisoned.
The adder poisons you!
You enter the shallow water.
Moving in this stuff is going to be slow.
* * * LOW HITPOINT WARNING * * *
You feel sick. The adder barely misses you.
The adder bites you but does no damage. x2
Yummy - fresh blood!
* * * LOW HITPOINT WARNING * * *
You feel sick. The adder bites you but does no damage. The adder bites you.
* * * LOW HITPOINT WARNING * * *
a - a +2 dagger (weapon)
The adder closely misses you. The adder bites you.
You die...

.≈S ..≈ .≈≈ ≈≈≈ #≈# #≈# #≈#
#≈# #≈# #≈# ##≈## ##≈##
##≈≈≈## ##.≈.##
..####....≈#####.!...####...
≈.≈≈≈≈≈≈∩.≈≈≈≈≈≈@SJ(≈≈≈≈≈.≈.
r≈####..≈..#####.S.!≈####...
##.≈≈## ##.≈.## ##≈##
####≈## #≈###.?.###≈#
#≈≈K≈!K!.##≈# #≈###≈!.###≈#
##≈## ####≈## ##≈≈.##
##.≈.##


You could see an ooze and 2 adders.

Vanquished Creatures
  An adder (D:3)
  A worm (D:2)
  2 giant mites
  2 giant geckos (D:2)
  2 oozes (D:2)
  A ball python (D:3)
  5 giant cockroaches
  11 hobgoblins
  8 kobolds
  A quokka (D:2)
  7 bats
  A giant newt (D:2)
  5 goblins
  3 rats
50 creatures vanquished.

Notes
Turn   | Place    | Note
--------------------------------------------------------------
     0 | D:1      | Foahim, the Vampire Assassin, began the quest for the Orb.
     0 | D:1      | Reached XP level 1. HP: 16/16 MP: 1/1
    87 | D:1      | Reached skill level 6 in Stealth
   198 | D:1      | Reached XP level 2. HP: 16/22 MP: 2/2
   618 | D:2      | Reached XP level 3. HP: 24/27 MP: 3/3
   627 | D:2      | Reached skill level 7 in Stealth
  1356 | D:3      | Reached XP level 4. HP: 25/33 MP: 4/4
  1528 | D:3      | Found a glowing drain.
  1536 | Sewer    | Entered a sewer
  1608 | Sewer    | Slain by an adder

Action                   |  1- 3 |  4- 6 || total
-------------------------+-------+-------++-------
Melee: Dagger            |   129 |    14 ||   143
 Fire: Blowgun           |    16 |     2 ||    18
 Abil: End Transformatio |       |     1 ||     1
       Bat Form          |       |     1 ||     1
  Use: Scroll            |       |     2 ||     2
       Potion            |       |     1 ||     1
 Stab: Sleeping          |    13 |     4 ||    17
  Eat: Corpse            |     2 |       ||     2
